TOP OF THE 1ST |
Yellowknife Claws batting - Pitching for Ottawa Fat Cats : RHP Doug Acevedo
|
Pitching: RHP Doug Acevedo
|
|
Batting: RHB Preston Church
|
0-0: Ball 1-0: Fly out, F7 (Flyball, 78D)
|
Batting: RHB Diego Cabañas
|
0-0: Called Strike 0-1: Swinging Strike 0-2: Foul Ball, location: 2F 0-2: Foul Ball, location: 2F 0-2: Ball 1-2: Foul Ball, location: 2F 1-2: DOUBLE (Groundball, 5L)
|
Batting: RHB Sergio Ortíz
|
0-0: Called Strike 0-1: Fly out, F9 (Flyball, 9)
|
Batting: RHB César García
|
0-0: Ball 1-0: Called Strike 1-1: Fly out, F7 (Flyball, 78M)
|
Top of the 1st over - 0 run(s), 1 hit(s), 0 error(s), 1 left on base; Yellowknife 0 - Ottawa 0 |
BOTTOM OF THE 1ST |
Ottawa Fat Cats batting - Pitching for Yellowknife Claws : RHP Daniel Monares
|
Pitching: RHP Daniel Monares
|
|
Batting: RHB Roberto Rodríguez
|
0-0: Ball 1-0: Called Strike 1-1: Ground out U3 (Groundball, 34)
|
Batting: RHB Ricardo Medina
|
0-0: Ball 1-0: Called Strike 1-1: Fly out, F7 (Line Drive, 7S)
|
Batting: LHB Wayne Rogers
|
0-0: Ball 1-0: Swinging Strike 1-1: Foul Ball, location: 2F 1-2: Ground out 6-3 (Groundball, 6M)
|
Bottom of the 1st over - 0 run(s), 0 hit(s), 0 error(s), 0 left on base; Yellowknife 0 - Ottawa 0 |
TOP OF THE 2ND |
Yellowknife Claws batting - Pitching for Ottawa Fat Cats : RHP Doug Acevedo
|
Batting: RHB Carlos Uribe
|
0-0: Ball 1-0: Fly out, F7 (Flyball, 78M)
|
Batting: RHB Noah Sturges
|
0-0: SINGLE (Groundball, 25) (infield hit)
|
Batting: RHB Mario Díaz
|
0-0: Called Strike Noah Sturges steals 2nd base 0-1: Swinging Strike 0-2: Ball 1-2: Ball 2-2: Ball 3-2: Foul Ball, location: 2F 3-2: Strikes out looking
|
Batting: RHB Bob Bishop
|
0-0: Fly out, F9 (Line Drive, 9)
|
Top of the 2nd over - 0 run(s), 1 hit(s), 0 error(s), 1 left on base; Yellowknife 0 - Ottawa 0 |
BOTTOM OF THE 2ND |
Ottawa Fat Cats batting - Pitching for Yellowknife Claws : RHP Daniel Monares
|
Batting: RHB Lawrence Howard
|
0-0: Swinging Strike 0-1: Foul Ball, location: 2F 0-2: Ball 1-2: Ball 2-2: Ball 3-2: Foul Ball, location: 2F 3-2: Base on Balls
|
Batting: LHB Felipe Rivera
|
0-0: Called Strike Lawrence Howard steals 2nd base 0-1: Foul Ball, location: 2F 0-2: Foul Ball, location: 2F 0-2: Ball 1-2: Ball 2-2: Ball Wild Pitch! Lawrence Howard to third 3-2: Ground out U3 (Groundball, 34) Lawrence Howard scores
|
Batting: SHB Ron West
|
0-0: SINGLE (Groundball, 34D)
|
Batting: RHB Dennis Kelly
|
0-0: Grounds into double play, 6-4-3 (Groundball, 56)
|
Bottom of the 2nd over - 1 run(s), 1 hit(s), 0 error(s), 0 left on base; Yellowknife 0 - Ottawa 1 |
TOP OF THE 3RD |
Yellowknife Claws batting - Pitching for Ottawa Fat Cats : RHP Doug Acevedo
|
Batting: RHB Jeff Benson
|
0-0: Ball 1-0: Ball 2-0: Foul Ball, location: 2F 2-1: SINGLE (Flyball, 8RM)
|
Batting: RHB Preston Church
|
0-0: Foul Ball, location: 2F 0-1: Foul Ball, location: 2F 0-2: Grounds into double play, 4-6-3 (Groundball, 4)
|
Batting: RHB Diego Cabañas
|
0-0: Ball 1-0: Ball 2-0: Ball 3-0: Base on Balls
|
Batting: RHB Sergio Ortíz
|
0-0: Swinging Strike 0-1: Ball Diego Cabañas steals 2nd base 1-1: Fly out, F3 (Line Drive, 3)
|
Top of the 3rd over - 0 run(s), 1 hit(s), 0 error(s), 1 left on base; Yellowknife 0 - Ottawa 1 |
BOTTOM OF THE 3RD |
Ottawa Fat Cats batting - Pitching for Yellowknife Claws : RHP Daniel Monares
|
Batting: RHB Daniel Quintana
|
0-0: Ball 1-0: Ball 2-0: Fly out, F8 (Flyball, 8LS)
|
Batting: RHB José Vega
|
0-0: Called Strike 0-1: Ground out 5-3 (Groundball, 56S)
|
Batting: RHB Roberto Rodríguez
|
0-0: Fly out, F7 (Line Drive, 78S)
|
Bottom of the 3rd over - 0 run(s), 0 hit(s), 0 error(s), 0 left on base; Yellowknife 0 - Ottawa 1 |
TOP OF THE 4TH |
Yellowknife Claws batting - Pitching for Ottawa Fat Cats : RHP Doug Acevedo
|
Batting: RHB César García
|
0-0: Called Strike 0-1: Called Strike 0-2: Foul Ball, location: 2F 0-2: SINGLE (Line Drive, 7S)
|
Batting: RHB Carlos Uribe
|
0-0: Ball 1-0: Called Strike 1-1: Ground out 5-3 (Groundball, 56S) César García to second
|
Batting: RHB Noah Sturges
|
0-0: Ball 1-0: Ball 2-0: Called Strike 2-1: Fly out, F9 (Flyball, 9LS)
|
Batting: RHB Mario Díaz
|
0-0: Ball 1-0: Ball 2-0: Called Strike 2-1: Fly out, F9 (Flyball, 9LS)
|
Top of the 4th over - 0 run(s), 1 hit(s), 0 error(s), 1 left on base; Yellowknife 0 - Ottawa 1 |
BOTTOM OF THE 4TH |
Ottawa Fat Cats batting - Pitching for Yellowknife Claws : RHP Daniel Monares
|
Batting: RHB Ricardo Medina
|
0-0: Called Strike 0-1: Ball 1-1: DOUBLE (Line Drive, 7LM)
|
Batting: LHB Wayne Rogers
|
0-0: Ball 1-0: Ball 2-0: Ground out 4-3 (Groundball, 4M) Ricardo Medina to third
|
Batting: RHB Lawrence Howard
|
0-0: Foul Ball, location: 2F 0-1: Called Strike 0-2: Ground out 5-3 (Groundball, 2L) Ricardo Medina scores
|
Batting: LHB Felipe Rivera
|
0-0: Foul Ball, location: 2F 0-1: Ball 1-1: Ball 2-1: Ball 3-1: Reached on error, E4 (Groundball, 4)
|
Batting: SHB Ron West
|
0-0: Ball 1-0: Called Strike 1-1: Swinging Strike 1-2: Foul Ball, location: 2F 1-2: Strikes out looking
|
Bottom of the 4th over - 1 run(s), 1 hit(s), 1 error(s), 1 left on base; Yellowknife 0 - Ottawa 2 |
TOP OF THE 5TH |
Yellowknife Claws batting - Pitching for Ottawa Fat Cats : RHP Doug Acevedo
|
Batting: RHB Bob Bishop
|
0-0: Ground out 5-3 (Groundball, 56)
|
Batting: RHB Jeff Benson
|
0-0: Fly out, F8 (Flyball, 8RD)
|
Batting: RHB Preston Church
|
0-0: Foul Ball, location: 2F 0-1: Ball 1-1: Ball 2-1: Foul Ball, location: 2F 2-2: Ball 3-2: Foul Ball, location: 2F 3-2: Ground out 6-3 (Groundball, 6)
|
Top of the 5th over - 0 run(s), 0 hit(s), 0 error(s), 0 left on base; Yellowknife 0 - Ottawa 2 |
BOTTOM OF THE 5TH |
Ottawa Fat Cats batting - Pitching for Yellowknife Claws : RHP Daniel Monares
|
Batting: RHB Dennis Kelly
|
0-0: Ball 1-0: Foul Ball, location: 2F 1-1: Ball 2-1: Foul Ball, location: 2F 2-2: Strikes out swinging
|
Batting: RHB Daniel Quintana
|
0-0: Ball 1-0: Swinging Strike 1-1: Fly out, F7 (Flyball, 78M)
|
Batting: RHB José Vega
|
0-0: Ball 1-0: Foul Ball, location: 2F 1-1: Ball 2-1: SINGLE (Groundball, 56D)
|
Batting: RHB Roberto Rodríguez
|
0-0: Called Strike 0-1: Foul Ball, location: 2F 0-2: Fly out, F8 (Flyball, 8LM)
|
Bottom of the 5th over - 0 run(s), 1 hit(s), 0 error(s), 1 left on base; Yellowknife 0 - Ottawa 2 |
TOP OF THE 6TH |
Yellowknife Claws batting - Pitching for Ottawa Fat Cats : RHP Doug Acevedo
|
Batting: RHB Diego Cabañas
|
0-0: Ball 1-0: Ball 2-0: Called Strike 2-1: Ground out 6-3 (Groundball, 6)
|
Batting: RHB Sergio Ortíz
|
0-0: Foul Ball, location: 2F 0-1: Ground out 4-3 (Groundball, 4)
|
Batting: RHB César García
|
0-0: Ball 1-0: Swinging Strike 1-1: Ground out 6-3 (Groundball, 6)
|
Top of the 6th over - 0 run(s), 0 hit(s), 0 error(s), 0 left on base; Yellowknife 0 - Ottawa 2 |
BOTTOM OF THE 6TH |
Ottawa Fat Cats batting - Pitching for Yellowknife Claws : RHP Daniel Monares
|
Batting: RHB Ricardo Medina
|
0-0: Called Strike 0-1: SINGLE (Groundball, 4MD)
|
Batting: LHB Wayne Rogers
|
0-0: Ball 1-0: Ground out 4-3 (Groundball, 34) Ricardo Medina to second
|
Batting: RHB Lawrence Howard
|
0-0: Ball 1-0: Ball 2-0: Fly out, F3 (Popup, 3L)
|
Batting: LHB Felipe Rivera
|
0-0: Ball 1-0: Ball 2-0: Swinging Strike 2-1: Ball 3-1: Ground out 4-3 (Groundball, 34D)
|
Bottom of the 6th over - 0 run(s), 1 hit(s), 0 error(s), 1 left on base; Yellowknife 0 - Ottawa 2 |
TOP OF THE 7TH |
Yellowknife Claws batting - Pitching for Ottawa Fat Cats : RHP Doug Acevedo
|
Batting: RHB Carlos Uribe
|
0-0: Foul Ball, location: 2F 0-1: DOUBLE (Flyball, 7LM)
|
Batting: RHB Noah Sturges
|
0-0: Called Strike 0-1: Fly out, F7 (Flyball, 78S)
|
Batting: RHB Mario Díaz
|
0-0: Ball 1-0: Ball 2-0: Called Strike 2-1: Foul Ball, location: 2F 2-2: Ball 3-2: Base on Balls
|
Pitching: RHP Alejandro Palácios
|
|
Batting: RHB Bob Bishop
|
0-0: Called Strike 0-1: Foul Ball, location: 2F 0-2: Grounds into double play, 5-4-3 (Groundball, 56)
|
Top of the 7th over - 0 run(s), 1 hit(s), 0 error(s), 1 left on base; Yellowknife 0 - Ottawa 2 |
BOTTOM OF THE 7TH |
Ottawa Fat Cats batting - Pitching for Yellowknife Claws : RHP Daniel Monares
|
Batting: SHB Ron West
|
0-0: Called Strike 0-1: Ball 1-1: Fly out, F8 (Flyball, 8LD)
|
Pitching: RHP Armando Campos
|
|
Batting: RHB Dennis Kelly
|
0-0: Ball 1-0: Ball 2-0: Called Strike 2-1: Foul Ball, location: 2F 2-2: Foul Ball, location: 2F 2-2: Strikes out swinging
|
Batting: RHB Daniel Quintana
|
0-0: Ground out 6-3 (Groundball, 6)
|
Bottom of the 7th over - 0 run(s), 0 hit(s), 0 error(s), 0 left on base; Yellowknife 0 - Ottawa 2 |
TOP OF THE 8TH |
Yellowknife Claws batting - Pitching for Ottawa Fat Cats : RHP Alejandro Palácios
|
Now at 1B: James Morris
|
|
Batting: RHB Jeff Benson
|
0-0: Ball 1-0: SINGLE (Groundball, 34D)
|
Pitching: LHP Tim Burrell
|
|
Batting: RHB Preston Church
|
0-0: Ball 1-0: Called Strike 1-1: Ball 2-1: Grounds into double play, 4-6-3 (Groundball, 4M)
|
Batting: RHB Diego Cabañas
|
0-0: Ground out 6-3 (Groundball, 56)
|
Top of the 8th over - 0 run(s), 1 hit(s), 0 error(s), 0 left on base; Yellowknife 0 - Ottawa 2 |
BOTTOM OF THE 8TH |
Ottawa Fat Cats batting - Pitching for Yellowknife Claws : RHP Armando Campos
|
Batting: RHB José Vega
|
0-0: Swinging Strike 0-1: Foul Ball, location: 2F 0-2: SINGLE (Groundball, 34S) (infield hit)
|
Batting: RHB Roberto Rodríguez
|
0-0: Ball 1-0: Fielders Choice at 2nd, 1-6 (Groundball, P)
|
Batting: RHB Ricardo Medina
|
0-0: Foul Ball, location: 2F 0-1: Foul Ball, location: 2F 0-2: Ball Roberto Rodríguez steals 2nd base 1-2: Ball 2-2: Strikes out swinging
|
Batting: LHB Wayne Rogers
|
0-0: Foul Ball, location: 2F 0-1: Fly out, F8 (Flyball, 8RS)
|
Bottom of the 8th over - 0 run(s), 1 hit(s), 0 error(s), 1 left on base; Yellowknife 0 - Ottawa 2 |
TOP OF THE 9TH |
Yellowknife Claws batting - Pitching for Ottawa Fat Cats : LHP Tim Burrell
|
Pitching: RHP Wilson Flores
|
|
Batting: RHB Sergio Ortíz
|
0-0: Ground out 6-3 (Groundball, 6)
|
Batting: RHB César García
|
0-0: Ball 1-0: Called Strike 1-1: DOUBLE (Line Drive, 89D)
|
Pinch Hitting: SHB Júlio Ayala
|
0-0: Swinging Strike 0-1: Foul Ball, location: 2F 0-2: Foul Ball, location: 2F 0-2: Ball 1-2: SINGLE (Groundball, P) (infield hit) César García to third
|
Batting: RHB Noah Sturges
|
0-0: Ball 1-0: Foul Ball, location: 2F 1-1: Ball 2-1: Foul Ball, location: 2F 2-2: Foul Ball, location: 2F 2-2: Fly out, F4 (Line Drive, 4MD)
|
Pinch Hitting: SHB Armondo Goro
|
0-0: Ball 1-0: Foul Ball, location: 2F 1-1: 3-RUN HOME RUN (Flyball, 9D), Distance : 387 ft
|
Batting: RHB Bob Bishop
|
0-0: Ground out 4-3 (Groundball, 34)
|
Top of the 9th over - 3 run(s), 3 hit(s), 0 error(s), 0 left on base; Yellowknife 3 - Ottawa 2 |
BOTTOM OF THE 9TH |
Ottawa Fat Cats batting - Pitching for Yellowknife Claws : RHP Armando Campos
|
Pitching: RHP Jason Willis
|
|
Now at 1B: Vito Bond
|
|
Now at 3B: Júlio Ayala
|
|
Batting: RHB Lawrence Howard
|
0-0: Ball 1-0: Called Strike 1-1: Ball 2-1: Ball 3-1: Foul Ball, location: 2F 3-2: Fly out, F8 (Flyball, 8RM)
|
Batting: LHB Felipe Rivera
|
0-0: Ball 1-0: Ball 2-0: Foul Ball, location: 2F 2-1: Foul Ball, location: 2F 2-2: Strikes out looking
|
Pinch Hitting: RHB Vicente Guerra
|
0-0: Ball Error on foul ball, E7 1-1: Swinging Strike 1-2: Ball 2-2: Foul Ball, location: 2F 2-2: Fly out, F5 (Popup, 56)
|
Bottom of the 9th over - 0 run(s), 0 hit(s), 1 error(s), 0 left on base; Yellowknife 3 - Ottawa 2 |
|